 Dungeon Crawl Stone Soup version 0.28-a0-1510-gd0f6b136d3 (webtiles) character file.

Game seed: 9408538903423734312

515 hashsling the Poker (level 7, -1/56 HPs)
             Began as a Merfolk Abyssal Knight on Jan 15, 2022.
             Was a Believer of Lugonu.
             Slain by an ogre (16 damage)
             ... on level 4 of the Dungeon.
             The game lasted 00:18:06 (5278 turns).

hashsling the Poker (Merfolk Abyssal Knight)        Turns: 5278, Time: 00:18:12

Health: -1/56      AC: 10    Str: 15    XL:     7   Next: 20%
Magic:  9/9        EV:  8    Int: 10    God:    Lugonu [**....]
Gold:   207        SH: 12    Dex: 14    Spells: 6/6 levels left

rFire   + . .      SeeInvis .   a - +1 spear
rCold   . . .      Faith    .   o - +0 tower shield
rNeg    . . .      Spirit   .   g - +0 ring mail
rPois   .          Reflect  .   s - +0 helmet
rElec   .          Harm     .   (no cloak)
rCorr   .          Rampage  .   (no gloves)
Will    .....                   (no boots)
Stlth   +.........              (no amulet)
HPRegen 0.18/turn               c - ring of protection from fire
MPRegen 0.11/turn               b - +4 ring of protection

@: no status effects
A: (nimble swimmer 2), mertail
a: Renounce Religion, Depart the Abyss, Bend Space


You were on level 4 of the Dungeon.
You worshipped Lugonu.
Lugonu was pleased with you.
You visited 1 branch of the dungeon, and saw 4 of its levels.
You visited the Abyss 1 time.

You collected 207 gold pieces.

Inventory:

Hand Weapons
 a - a +1 spear (weapon)
Missiles
 u - 14 poisoned darts (quivered)
Armour
 f - a +0 chain mail
 g - a +0 ring mail (worn)
 o - a +0 tower shield (worn)
 s - a +0 helmet (worn)
Jewellery
 b - a +4 ring of protection (right hand)
 c - a ring of protection from fire (left hand)
 t - a ring of wizardry
Scrolls
 d - a scroll of noise
 e - 2 scrolls of enchant armour {unknown}
 i - a scroll of torment
 l - a scroll of blinking {unknown}
 q - a scroll of fog {unknown}
 w - a scroll of vulnerability {unknown}
 x - a scroll of enchant weapon {unknown}
Potions
 h - a potion of curing {unknown}
 j - a potion of invisibility {unknown}
 k - 2 potions of ambrosia {unknown}
 m - a potion of heal wounds {unknown}
 n - a potion of brilliance {unknown}
 p - a potion of might {unknown}
 r - a potion of cancellation {unknown}
 v - a potion of attraction {unknown}


   Skills:
 + Level 5.1 Fighting
 + Level 5.9 Polearms
 - Level 1.0 Armour
 + Level 5.6 Dodging
 + Level 2.6 Shields
 + Level 2.7 Invocations


You had 6 spell levels left.
You didn't know any spells.
Your spell library contained the following spells:

 Spells                   Type           Power      Damage    Failure   Level
 Malign Gateway           Summ/Tloc      0%         N/A       100%        7
 Summon Horrible Things   Summ           0%         N/A       100%        8


Dungeon Overview and Level Annotations

Branches:
Dungeon (4/15)
 Temple: D:4-7

Altars:
Elyvilon

Annotations:
D:3 Sigmund


Innate Abilities, Weirdness & Mutations

((You are very nimble when in or above water. (Stealth+, EV+, Speed+++)))
Your lower body shifts to a powerful aquatic tail in water.


Message History

Press: ? - help, Dir - move target, f/p - ogre
Aim: an ogre, wielding a +0 giant club (lightly wounded, about 21% to evade your +1 spear)
You hit the ogre but do no damage.
The ogre is lightly wounded.
The ogre hits you with a +0 giant club!
You puncture the ogre!
The ogre is heavily wounded.
You block the ogre's attack.
You hit the ogre.
The ogre is heavily wounded.
The ogre hits you with a +0 giant club!
You are too injured to fight recklessly!
You are too injured to fight recklessly!
You are too injured to fight recklessly!
Reach: a) +1 spear
Press: ? - help, Dir - move target, f/p - ogre
Aim: an ogre, wielding a +0 giant club (heavily wounded, about 21% to evade your +1 spear)
You closely miss the ogre.
The ogre is heavily wounded.
The ogre hits you with a +0 giant club!
* * * LOW HITPOINT WARNING * * *
Reach: a) +1 spear
Press: ? - help, Dir - move target, f/p - ogre
Aim: an ogre, wielding a +0 giant club (heavily wounded, about 21% to evade your +1 spear)
You hit the ogre.
The ogre is heavily wounded.
You block the ogre's attack.
Reach: a) +1 spear
Press: ? - help, Dir - move target, f/p - ogre
Aim: an ogre, wielding a +0 giant club (heavily wounded, about 21% to evade your +1 spear)
You hit the ogre but do no damage.
The ogre is heavily wounded.
The ogre barely misses you.
Reach: a) +1 spear
Press: ? - help, Dir - move target, f/p - ogre
Aim: an ogre, wielding a +0 giant club (heavily wounded, about 21% to evade your +1 spear)
You hit the ogre.
The ogre is severely wounded.
The ogre hits you with a +0 giant club!
You die...

#.#.# ..#.# ....#######
#.#.#.....# #.#.#.###.# #.#.#.#
#.#
#.################.#.#.###.#
#...........O@..........##.#
#.....#########..####.#.#..##.#
####. #......##..#
#.#.#...#.### ..
+......'...####.#.#.......# .#
#......#........#.#...##### .
#......#....#####.#.....# .
#......#.......##.#.....# .
########..#.##.##.#.....# #
#..#.# ##.#.....#


You could see an ogre.

Vanquished Creatures
  A sky beast (D:4)
  An ogre (D:4)
  A scorpion (D:3)
  A bullfrog zombie (D:3)
  Natasha (twice) (D:3)
  Robin (D:3)
  5 gnolls
  6 adders
  2 worms
  2 dart slugs
  An orc (D:3)
  8 bats
  3 endoplasms
  2 giant cockroaches (D:1)
  13 goblins
  10 hobgoblins
  2 quokkas
  6 ball pythons
  4 frilled lizards
  9 kobolds
  6 rats
86 creatures vanquished.

Vanquished Creatures (others)
  A quokka (D:4)
1 creature vanquished.

Grand Total: 87 creatures vanquished

Notes
Turn   | Place    | Note
-------+----------+-------------------------------------------
     0 | Abyss:1  | hashsling the Merfolk Abyssal Knight began the quest for
                  | the Orb.
     0 | Abyss:1  | Reached XP level 1. HP: 18/18 MP: 2/2
     3 | D:1      | Escaped the Abyss
    63 | D:1      | Reached skill level 1 in Armour
    63 | D:1      | Reached XP level 2. HP: 15/24 MP: 3/3
   187 | D:1      | Reached * piety under Lugonu
   410 | D:1      | Reached XP level 3. HP: 30/30 MP: 4/4
  1295 | D:2      | Reached XP level 4. HP: 16/37 MP: 5/5
  1302 | D:2      | Reached ** piety under Lugonu
  2282 | D:3      | Noticed Natasha
  2302 | D:3      | Killed Natasha
  2303 | D:3      | Reached XP level 5. HP: 27/43 MP: 6/6
  2345 | D:3      | Reached skill level 1 in Shields
  2526 | D:3      | Noticed Robin
  2594 | D:3      | Killed Robin
  2595 | D:3      | Reached skill level 5 in Polearms
  2788 | D:3      | Reached XP level 6. HP: 16/49 MP: 7/7
  3106 | D:3      | Reached skill level 5 in Dodging
  3270 | D:3      | Noticed Sigmund
  3721 | D:3      | Noticed Natasha
  3740 | D:3      | Killed Natasha
  4291 | D:4      | Noticed a sky beast
  4332 | D:4      | Killed a sky beast
  4333 | D:4      | Reached skill level 5 in Fighting
  4333 | D:4      | Reached XP level 7. HP: 27/56 MP: 8/8
  4525 | D:4      | Found a white marble altar of Elyvilon.
  5278 | D:4      | Slain by an ogre

Illustrated notes

Levels and vault maps discovered:
D:1:      grunt_arrival_crossed_arrows, layout_loops_ring
D:2:      layout_loops_corners, serial_forest, infiniplex_forest_straight_4,
          infiniplex_forest_clump_curved, infiniplex_forest_lined_2,
          infiniplex_forest_straight_5, infiniplex_forest_end_double,
          minivault_4, minmay_pentomino_pile
D:3:      layout_basic, hangedman_glass_teeth, hangedman_decor_lopped,
          saegor_snake_ambush, uniq_sigmund, uniq_natasha, uniq_robin
D:4:      layout_basic, elyvilon_altar_4, chequers_garden, uniq_edmund

Skill      XL: |  1  2  3  4  5  6 |
---------------+-------------------+-----
Armour         | 1 |  1.0
Dodging        | 3 4 5 |  5.6
Polearms       | 4 5 |  5.9
Fighting       | 4 5 |  5.1
Shields        | 1 2 |  2.6
Invocations    | |  2.7

Action                   |  1- 3 |  4- 6 |  7- 9 || total
-------------------------+-------+-------+-------++-------
Melee: Spear             |   162 |   285 |    19 ||   466
       Punch             |     1 |       |       ||     1
       Tailslap          |       |     1 |       ||     1
Throw: Dart              |       |     3 |       ||     3
Invok: Depart the Abyss  |     1 |       |       ||     1
       Bend Space        |       |     1 |       ||     1
  Use: Scroll            |       |     4 |       ||     4
 Stab: Distracted        |       |     1 |       ||     1
Armor: Ring mail         |    44 |    87 |       ||   131
       Leather armour    |     4 |       |       ||     4
Dodge: Dodged            |    74 |    64 |     3 ||   141
Block: Tower shield      |       |   126 |     5 ||   131

Table legend: (Time is in decaauts)
 A = Elapsed time spent in this place.
 B = Non-inter-level travel time spent in this place.
 C = Inter-level travel time spent in this place.
 D = Time resting spent in this place.
 E = Time spent auto-exploring this place.
 F = Levels seen in this place.
 G = Mean time per level.
                   A        B        C        D        E       F      G
               +--------+--------+--------+--------+--------+-----+--------+
         Total |   5334 |   5209 |    125 |    368 |   3754 |   5 | 1066.8 |
       Dungeon |   5331 |   5206 |    125 |    368 |   3754 |   4 | 1332.8 |
         Abyss |      3 |      3 |      0 |      0 |      0 |   1 |    3.0 |
               +--------+--------+--------+--------+--------+-----+--------+

Top non-repeatable levels by time:
     D:2: 1820 daAuts
     D:3: 1415 daAuts
     D:4: 1249 daAuts
     D:1: 847 daAuts
 Abyss:1: 3 daAuts
